 Dungeon Crawl Stone Soup version 0.27-a0-1049-g450f9b2e0d (webtiles) character file.

Game seed: 15258666338265544536

98 funkygono the Firebug (level 4, -17/24 HPs)
             Began as a Gargoyle Fire Elementalist on Apr 21, 2021.
             Demolished by an ogre
             ... wielding a +0 giant club
              (21 damage)
             ... on level 4 of the Dungeon.
             The game lasted 00:04:35 (3039 turns).

funkygono the Firebug (Gargoyle Fire Elementalist)  Turns: 3039, Time: 00:04:36

Health: -17/24     AC:  7    Str: 11    XL:     4   Next: 69%
Magic:  5/8        EV: 12    Int: 17    God:
Gold:   131        SH:  0    Dex: 10    Spells: 1/9 levels left

rFire    . . .     SeeInvis .   e - +1 mace
rCold    . . .     Faith    .   (no shield)
rNeg     + . .     Spirit   .   a - +1 robe
rPois    ∞         Reflect  .   (no helmet)
rElec    +         Harm     .   (no cloak)
rCorr    .         Rampage  .   (no gloves)
Will     .....                  k - +0 pair of boots
Stlth    ++........             (no amulet)
HPRegen  0.08/turn              (no ring)
MPRegen  0.11/turn              (no ring)

@: no status effects
A: AC +3, negative energy resistance 1, electricity resistance, torment
resistance 1, unbreathing 1, petrification resistance
a: no special abilities


You were on level 4 of the Dungeon.
You visited 1 branch of the dungeon, and saw 4 of its levels.

You collected 131 gold pieces.

Inventory:

Hand Weapons
 e - a +1 mace (weapon)
Missiles
 b - 68 stones
Armour
 a - a +1 robe (worn)
 c - a +0 kite shield
 k - a +0 pair of boots (worn)
Magical Staves
 p - a staff of earth
Jewellery
 i - an amulet of the acrobat
 j - a ring of ice
Wands
 m - a wand of acid (8)
 n - a wand of iceblast (2)
Scrolls
 d - a scroll of amnesia
 f - 2 scrolls of identify
 o - a scroll of blinking {unknown}
Potions
 g - a potion of attraction
 h - 3 potions of haste
 l - a potion of curing


   Skills:
 + Level 1.9 Dodging
 - Level 2.1 Stealth
 * Level 3.1 Spellcasting
 * Level 2.0 Conjurations
 * Level 3.9 Fire Magic


You had one spell level left.
You knew the following spells:

 Your Spells              Type           Power      Damage    Failure   Level
a - Foxfire               Conj/Fire      48%        2x1d6     4%          1
b - Conjure Flame         Conj/Fire      12%        6-21      16%         3
c - Sticky Flame          Conj/Fire      12%        2d4       45%         4

Your spell library contained the following spells:

 Spells                   Type           Power      Damage    Failure   Level
 Inner Flame              Hex/Fire       9%         N/A       22%         3
 Fireball                 Conj/Fire      6%         3d5       80%         5


Dungeon Overview and Level Annotations

Branches:
Dungeon (4/15)
 Temple: D:4-7

Altars:


Innate Abilities, Weirdness & Mutations

Your stone body is resilient. (AC +3)
You are immune to poison.
You resist negative energy. (rN+)
You are resistant to electric shocks. (rElec)
You are resistant to unholy torment.
You can survive without breathing.
You are immune to petrification.


Message History

Casting: Foxfire (safe; 4% risk of failure)
Confirm with . or Enter, or press ? or * to list all spells.
You conjure some foxfire!
The ogre shouts!
Casting: Foxfire (safe; 4% risk of failure)
Confirm with . or Enter, or press ? or * to list all spells.
You conjure some foxfire!
The foxfire hits the ogre.
The ogre is lightly wounded.
The foxfire hits the ogre.
The ogre is moderately wounded.
Casting: Foxfire (safe; 4% risk of failure)
Confirm with . or Enter, or press ? or * to list all spells.
The spell is potentially lethal to cast (45% risk of failure)!
Continue anyway?
Okay, then.
The foxfire hits the ogre.
The ogre is moderately wounded.
Your foxfire dissipates!
You see here a +0 dagger.
Casting: Sticky Flame (potentially lethal; 45% risk of failure)
Confirm with . or Enter, or press ? or * to list all spells.
You conjure some foxfire!
The foxfire hits the ogre.
The ogre is heavily wounded.
The foxfire hits the ogre.
The ogre is heavily wounded.
Casting: Foxfire (safe; 4% risk of failure)
Confirm with . or Enter, or press ? or * to list all spells.
You conjure some foxfire!
The ogre hits you with a +0 giant club!!
Ouch! That really hurt!
* * * LOW HITPOINT WARNING * * *
The foxfire hits the ogre.
The ogre is severely wounded.
The foxfire hits the ogre.
The ogre is severely wounded.
You see here a jackal corpse.
You see here a jackal corpse.
The ogre hits you with a +0 giant club!!
Ouch! That really hurt!
You die...

#...............)......#
#..............†.##....#
#....##........†.# ....#
#....##..........# .!..#
.+................#
....#
..................#
....#
..........##..##..#
#####
..........##..##O.##
.#######..#....@...#
#..#.......##
#..#..^....#
#..######..#
#..#...<#### +..#....#
#..'....# ...####....#
.....§..####


You could see an ogre.

Vanquished Creatures
  A hound skeleton (D:4)
  3 adders
  An ufetubus (D:3)
  A worm (D:2)
  A dart slug (D:1)
  An orc (D:3)
  5 ball pythons
  6 endoplasms
  2 giant cockroaches
  7 goblins
  5 hobgoblins
  4 jackals (D:4)
  A kobold (D:1)
  A quokka (D:1)
  2 bats
  A jackal skeleton (D:4)
  2 rats
44 creatures vanquished.

Vanquished Creatures (others)
  150 foxfires
150 creatures vanquished.

Grand Total: 194 creatures vanquished

Notes
Turn   | Place    | Note
-------+----------+-------------------------------------------
     0 | D:1      | funkygono the Gargoyle Fire Elementalist began the quest
                  | for the Orb.
     0 | D:1      | Reached XP level 1. HP: 10/10 MP: 3/3
   153 | D:1      | Found a faded altar of an unknown god.
   214 | D:1      | Reached XP level 2. HP: 12/15 MP: 0/5
  1056 | D:2      | Reached XP level 3. HP: 18/19 MP: 1/6
  1600 | D:2      | Learned a level 3 spell: Conjure Flame
  2021 | D:3      | Reached XP level 4. HP: 24/24 MP: 5/8
  2026 | D:3      | Learned a level 4 spell: Sticky Flame
  3024 | D:4      | Noticed an ogre
  3039 | D:4      | Demolished by an ogre

Illustrated notes

Levels and vault maps discovered:
D:1:      dpeg_arrival_rooms_b, layout_rooms,
          shapermc_ecumenical_altar_flowoftime
D:2:      layout_rooms
D:3:      layout_basic, serial_curves, eino_curves_01, eino_curves_02
D:4:      layout_gridville, kennysheep_mini_moat, minitemple,
          kennysheep_another_room

Skill      XL: |  1  2  3  4 |
---------------+-------------+-----
Conjurations   | 2 |  2.0
Spellcasting   | 3 |  3.1
Dodging        | |  1.9
Stealth        | |  2.1
Fire Magic     | |  3.9

Action                   |  1- 3 |  4- 6 || total
-------------------------+-------+-------++-------
Melee: Club              |     8 |       ||     8
       Mace              |     3 |       ||     3
 Cast: Foxfire           |    58 |    31 ||    89
  Use: Scroll            |     4 |     3 ||     7
Armor: Robe              |     6 |     6 ||    12
Dodge: Dodged            |    13 |    14 ||    27

Table legend: (Time is in decaauts)
 A = Elapsed time spent in this place.
 B = Non-inter-level travel time spent in this place.
 C = Inter-level travel time spent in this place.
 D = Time resting spent in this place.
 E = Time spent auto-exploring this place.
 F = Levels seen in this place.
 G = Mean time per level.
                   A        B        C        D        E       F      G
               +--------+--------+--------+--------+--------+-----+--------+
         Total |   3040 |   2847 |    193 |     16 |   2489 |   4 |  760.0 |
       Dungeon |   3040 |   2847 |    193 |     16 |   2489 |   4 |  760.0 |
               +--------+--------+--------+--------+--------+-----+--------+

Top non-repeatable levels by time:
     D:3: 1180 daAuts
     D:1: 995 daAuts
     D:2: 635 daAuts
     D:4: 228 daAuts
